[Event "43rd Guernsey Festival 2017"]
[Site "Vale"]
[Date "2017.10.17"]
[Round "3"]
[White "Ingham, H William"]
[Black "Rosen, Daniel B"]
[Result "0-1"]
[ECO "A80"]
[WhiteElo "1817"]
[BlackElo "2042"]
[Annotator "NA RC"]
[PlyCount "66"]
[EventDate "2017.??.??"]
[EventType "swiss"]
[EventCountry "GCI"]
[SourceTitle "playchess.com"]
[Source "ChessBase"]
[SourceQuality "1"]
[TimeControl "40/6000+30:2400+30"]

1. d4 f5 2. Nf3 Nf6 3. Bg5 e6 4. Nbd2 d5 5. e3 {[%emt 0:00:06] LiveBook: 80 Games} Bd6 6. c3 {[%emt 0:01:11] A80: Dutch Defence: Unusual White second moves} (6. c4 c6 7. Be2 O-O 8. O-O Nbd7 9. Qc2 Qe7 10. cxd5 cxd5 11. Rac1 Nb6 12. Bf4 Bxf4 13. exf4 Bd7 14. Qc5 Nc8 15. Ne5 Nd6 16. Qa3 Rfc8 {0-1 (54) Dubov,D (2629)-Mamedyarov,S (2757) Doha 2014}) 6... O-O 7. Bd3 Nbd7 8. Qe2 c6 $146 ({Predecessor:} 8... Qe8 9. O-O Ne4 10. Rfe1 Nxg5 11. Nxg5 Rf6 12. f4 h5 13. Rf1 Rh6 14. Ndf3 Be7 15. h4 Nf6 16. Qe1 Ng4 17. Rc1 {½-½ (17) Storme,S-Hollinger,R Bratislava 1993}) 9. h3 Qe8 10. Rg1 Ne4 11. g4 e5 12. gxf5 Nxd2 $1 13. Nxd2 e4 14. Bc2 Rxf5 15. O-O-O Nf6 16. Qf1 Nh5 17. f4 Be6 18. Qf2 Qf7 (18... Rf7 $15) 19. Nf1 $2 {[%emt 0:08:36] [#]} (19. Rdf1 $11 {and White is okay.}) 19... b5 $2 ({Better is} 19... Rxg5 $1 $19 20. Rxg5 {[#]} (20. fxg5 Qxf2) 20... Nxf4 $1 ) 20. Nh2 {[%emt 0:01:35] [#]} (20. Kb1 $11) 20... Kh8 (20... Rxg5 $1 $17 21. Rxg5 (21. fxg5 Qxf2) 21... Nxf4) 21. Rdf1 $2 {[%emt 0:02:27] [#]} (21. Ng4 $11 {and White stays safe.}) 21... h6 $1 22. h4 hxg5 23. hxg5 g6 24. Qh4 Kg7 25. Ng4 {[%emt 0:04:52] [#]} Bxf4 $1 26. exf4 Rxf4 27. Rf2 $2 (27. Re1 Bxg4 28. Rxg4) 27... Bxg4 28. Qh2 Rxf2 29. Qe5+ Kh7 30. Rxg4 Rf1+ 31. Bd1 Rxd1+ (31... Qf3 $142 32. Qe7+ Ng7 33. Rh4+ Kg8 34. Qf7+ Kxf7 35. Rf4+ Qxf4+ 36. Kc2 Qh2+ 37. Kb3 Rxd1 38. a3 Qe2 39. a4 bxa4+ 40. Kxa4 Ra1+ 41. Kb4 Qc4#) 32. Kxd1 Qf3+ 33. Kc1 Qf7 $11 (33... Qxg4 $19 34. Qc7+ Ng7 35. Qh2+ Kg8) 0-1

[Event "43rd Guernsey Festival 2017"]
[Site "Vale"]
[Date "2017.10.17"]
[Round "3"]
[White "Turner, David J"]
[Black "Kearsley, Raymond J"]
[Result "0-1"]
[ECO "A05"]
[WhiteElo "1774"]
[BlackElo "1724"]
[Annotator "NA RC"]
[PlyCount "70"]
[EventDate "2017.??.??"]
[EventType "swiss"]
[EventCountry "GCI"]
[SourceTitle "playchess.com"]
[Source "ChessBase"]
[SourceQuality "1"]
[TimeControl "40/6000+30:2400+30"]

1. e4 c5 2. Nf3 g6 3. g3 Bg7 4. Bg2 Nc6 5. O-O d6 6. Re1 Nf6 7. d3 O-O 8. Nbd2 e5 9. a4 Nh5 10. Nc4 h6 11. Rb1 Kh7 12. Ne3 Be6 13. Nd2 Qd7 14. Ndc4 Nf6 15. c3 Ne7 16. b4 Rfd8 17. bxc5 dxc5 18. Nxe5 Qc7 19. d4 cxd4 20. cxd4 Rab8 21. Bb2 Nc6 22. Nxc6 bxc6 23. Qc1 Qa5 24. Ra1 Rb3 25. Rd1 Rdb8 26. Ba3 Rc3 27. Qd2 Rbb3 28. Bc5 Nd7 29. Rac1 Nxc5 30. dxc5 Qxc5 31. Rxc3 Rxc3 32. Rb1 Bb3 33. Nd1 Bxd1 34. Qxd1 Rc2 35. Qf3 Rxf2 0-1

[Event "43rd Guernsey Festival 2017"]
[Site "Vale"]
[Date "2017.10.17"]
[Round "3"]
[White "Goris-Schouwstra, Adry"]
[Black "Stuart, Brian"]
[Result "1-0"]
[ECO "D94"]
[WhiteElo "1754"]
[BlackElo "1654"]
[Annotator "NA RC"]
[PlyCount "57"]
[EventDate "2017.??.??"]
[EventType "swiss"]
[EventCountry "GCI"]
[SourceTitle "playchess.com"]
[Source "ChessBase"]
[SourceQuality "1"]
[TimeControl "40/6000+30:2400+30"]

1. d4 Nf6 2. c4 g6 3. Nc3 d5 4. e3 Bg7 5. Nf3 O-O 6. Be2 dxc4 7. Bxc4 c5 8. d5 a6 9. a4 b6 10. O-O Qc7 11. e4 Rd8 12. Qe2 Bg4 13. h3 Bxf3 14. Qxf3 Ne8 15. Bf4 Nd6 16. Be2 Nd7 17. Bh2 Be5 18. Bxe5 Nxe5 19. Qg3 Nd7 20. f4 Ne8 21. e5 Ng7 22. Bg4 Rf8 23. Rad1 f5 24. d6 exd6 25. exd6 Qd8 26. Bf3 Ra7 27. Nd5 Ne8 28. Ne7+ Kh8 29. Nc6 1-0

[Event "43rd Guernsey Festival 2017"]
[Site "Vale"]
[Date "2017.10.17"]
[Round "3"]
[White "O`connell, Denis"]
[Black "Jongerius, Marc"]
[Result "1/2-1/2"]
[ECO "C21"]
[WhiteElo "1722"]
[BlackElo "1588"]
[Annotator "NA RC"]
[PlyCount "130"]
[EventDate "2017.??.??"]
[EventType "swiss"]
[EventCountry "GCI"]
[SourceTitle "playchess.com"]
[Source "ChessBase"]
[SourceQuality "1"]
[TimeControl "40/6000+30:2400+30"]

1. e4 e5 2. d4 exd4 3. c3 d5 4. Qxd4 dxe4 5. Qxe4+ Be7 6. Bg5 Nd7 7. Bxe7 Qxe7 8. Nd2 Ndf6 9. Qxe7+ Nxe7 10. Ngf3 Bf5 11. Bc4 O-O 12. O-O Rad8 13. Rfe1 Nc6 14. Bb5 Nb8 15. Re7 Nd5 16. Re5 Bg6 17. Rae1 f6 18. Rxd5 Rxd5 19. Bc4 Bf7 20. Bxd5 Bxd5 21. c4 Bxf3 22. Nxf3 Nc6 23. Kf1 Kf7 24. Rd1 Rd8 25. Rxd8 Nxd8 26. Nd4 c6 27. Ke2 Ne6 28. Nf3 c5 29. Ke3 Ke7 30. Ke4 Kd6 31. g4 g6 32. h4 b6 33. Nd2 Nd4 34. f4 f5+ 35. gxf5 Nxf5 36. Nf3 h6 37. b3 Ke6 38. a3 a5 39. a4 Ng3+ 40. Ke3 Kf5 41. Ne5 Nh5 42. Nd3 Kg4 43. Ne5+ Kf5 44. Nf7 Kg4 45. Nxh6+ Kxh4 46. Ke4 Ng3+ 47. Ke5 Ne2 48. Nf7 Kg4 49. f5 gxf5 50. Nh6+ Kf3 51. Nxf5 Nc1 52. Kd5 Nxb3 53. Nd6 Ke3 54. Nc8 Kd3 55. Nxb6 Kc3 56. Kc6 Kb4 57. Kd5 Nd2 58. Nd7 Nxc4 59. Nxc5 Nb6+ 60. Kd4 Nxa4 61. Nxa4 Kxa4 62. Kc4 Ka3 63. Kc3 a4 64. Kc2 Ka2 65. Kc1 Ka3 1/2-1/2

[Event "43rd Guernsey Festival 2017"]
[Site "Vale"]
[Date "2017.10.17"]
[Round "3"]
[White "Finch, Russell"]
[Black "Baart, Edwin"]
[Result "1/2-1/2"]
[ECO "D02"]
[WhiteElo "1689"]
[BlackElo "1816"]
[Annotator "NA RC"]
[PlyCount "34"]
[EventDate "2017.??.??"]
[EventType "swiss"]
[EventCountry "GCI"]
[SourceTitle "playchess.com"]
[Source "ChessBase"]
[SourceQuality "1"]
[TimeControl "40/6000+30:2400+30"]

1. d4 Nf6 2. Nf3 d5 3. Bf4 c5 4. e3 Bg4 5. Be2 e6 6. Nbd2 Nbd7 7. c3 Qb6 8. Qb3 Be7 (8... c4 $5 9. Qxb6 axb6 $11) 9. Qxb6 Nxb6 10. h3 Bxf3 11. Nxf3 O-O 12. O-O Rac8 13. Rfc1 Ne4 14. Bd3 g5 15. Bh2 Nd7 16. Bb5 Nb6 17. Bd3 Nd7 $14 1/2-1/2

[Event "43rd Guernsey Festival 2017"]
[Site "Vale"]
[Date "2017.10.17"]
[Round "3"]
[White "Ruigrok, Jacques"]
[Black "Kershaw, Graham"]
[Result "1/2-1/2"]
[ECO "C02"]
[WhiteElo "1679"]
[BlackElo "1712"]
[Annotator "NA RC"]
[PlyCount "37"]
[EventDate "2017.??.??"]
[EventType "swiss"]
[EventCountry "GCI"]
[SourceTitle "playchess.com"]
[Source "ChessBase"]
[SourceQuality "1"]
[TimeControl "40/6000+30:2400+30"]

1. e4 e6 2. d4 d5 3. e5 c5 4. c3 Nc6 5. Nf3 Qb6 6. Bd3 cxd4 7. cxd4 Bd7 8. Nc3 Nxd4 9. Nxd4 Qxd4 10. Qe2 Qb6 11. O-O Ne7 12. Kh1 d4 13. Ne4 Nd5 14. a3 Be7 15. Ng5 Qd8 16. Ne4 a5 17. Qg4 Kf8 18. Ng5 h6 19. Nf3 1/2-1/2

[Event "43rd Guernsey Festival 2017"]
[Site "Vale"]
[Date "2017.10.18"]
[Round "4"]
[White "Hamperl, Fred"]
[Black "Munshi, Aditya"]
[Result "1/2-1/2"]
[ECO "B10"]
[WhiteElo "2062"]
[BlackElo "1986"]
[Annotator "NA RC"]
[PlyCount "58"]
[EventDate "2017.??.??"]
[EventType "swiss"]
[EventCountry "GCI"]
[SourceTitle "playchess.com"]
[Source "ChessBase"]
[SourceQuality "1"]
[TimeControl "40/6000+30:2400+30"]

1. e4 c6 2. Nc3 d5 3. Nf3 Nf6 4. Qe2 dxe4 5. Nxe4 Nxe4 {[%emt 0:00:16] LiveBook: 61 Games} 6. Qxe4 Qd5 {[%emt 0:00:06] B11: Caro-Kann: Two Knights Variation} 7. Qxd5 (7. Qh4 Qe6+ 8. Be2 Qg4 9. Qg3 Qxg3 10. hxg3 g6 11. d4 Bg7 12. Bh6 Bf6 13. Ne5 Be6 14. O-O-O {½-½ (46) Bacrot,E (2708)-Topalov,V (2749) Paris 2017}) 7... cxd5 8. Bb5+ Bd7 9. Bxd7+ Nxd7 10. d4 $146 Rc8 11. c3 e6 12. Bf4 Be7 13. O-O O-O 14. a4 Rc6 15. Rfc1 Rfc8 16. Kf1 f6 17. g4 g5 18. Bg3 Kg7 19. Re1 Nf8 ({Better is} 19... Kf7) 20. h4 h6 21. Ke2 Rb6 22. Reb1 Ng6 23. h5 Nh8 24. Kd3 Nf7 25. Re1 Nd8 26. Re2 Kf7 27. Rae1 Ra6 28. b3 Rb6 (28... Rac6 $5 29. Rc2 b6 $11) 29. Rb1 a5 $11 {[%emt 0:02:02] Ke4} 1/2-1/2

[Event "43rd Guernsey Festival 2017"]
[Site "Vale"]
[Date "2017.10.18"]
[Round "4"]
[White "Thurlow, Kevin J"]
[Black "Curtis, John E"]
[Result "1/2-1/2"]
[ECO "A21"]
[WhiteElo "2009"]
[BlackElo "2093"]
[Annotator "NA RC"]
[PlyCount "36"]
[EventDate "2017.??.??"]
[EventType "swiss"]
[EventCountry "GCI"]
[SourceTitle "playchess.com"]
[Source "ChessBase"]
[SourceQuality "1"]
[TimeControl "40/6000+30:2400+30"]

1. c4 e5 2. Nc3 d6 3. e3 f5 4. g3 Nf6 5. Bg2 Be7 6. Nge2 O-O 7. d4 Na6 {[%emt 0:02:06] A21: English Opening: 1...e5 2 Nc3} 8. a3 $146 ({Predecessor:} 8. O-O c6 9. Rb1 Nc7 10. b4 Be6 11. b5 Bxc4 12. bxc6 b5 13. a4 a6 14. d5 Rb8 15. Rb4 {1-0 (60) Kovalyov,A (2606)-Arencibia Rodriguez,W (2526) Montreal 2013}) 8... c6 {[%emt 0:00:45] LiveBook: 6 Games} 9. b4 Nc7 10. b5 e4 11. Qb3 d5 12. cxd5 cxd5 13. h4 Ne6 14. Bh3 g6 15. a4 a5 16. Ba3 (16. bxa6 $5 b6 17. a7 $15) 16... Bxa3 17. Rxa3 b6 18. O-O Qd6 $11 1/2-1/2

[Event "43rd Guernsey Festival 2017"]
[Site "Vale"]
[Date "2017.10.18"]
[Round "4"]
[White "Hewson, Brian W R"]
[Black "Purdon, Colin"]
[Result "1/2-1/2"]
[ECO "D12"]
[WhiteElo "1995"]
[BlackElo "2047"]
[Annotator "NA RC"]
[PlyCount "50"]
[EventDate "2017.??.??"]
[EventType "swiss"]
[EventCountry "GCI"]
[SourceTitle "playchess.com"]
[Source "ChessBase"]
[SourceQuality "1"]
[TimeControl "40/6000+30:2400+30"]

1. d4 d5 2. Nf3 Nf6 3. c4 c6 4. e3 Bf5 5. Nc3 e6 6. Nh4 Be4 7. f3 Bg6 {[%emt 0:01:03] D12: Slav Defence: 3 Nf3 Nf6 4 e3 Bf5} 8. Nxg6 (8. Qb3 Qc7 9. Bd2 a6 10. Rc1 dxc4 11. Bxc4 Nbd7 12. a4 Be7 13. g3 Bh5 14. O-O O-O 15. Ng2 Rad8 16. Nf4 Kh8 {½-½ (34) So,W (2822)-Caruana,F (2817) chess.com INT 2017}) 8... hxg6 9. Qb3 Qc7 10. Bd2 {[%emt 0:05:12] LiveBook: 28 Partien} Nbd7 11. cxd5 exd5 12. Rc1 $146 ({Predecessor:} 12. O-O-O O-O-O 13. h3 Kb8 14. Kb1 Nb6 15. Bd3 {1-0 (51) Socko,B (2631)-Grigoriants,S (2589) Khanty-Mansiysk 2012}) 12... Nb6 13. f4 a5 14. a4 Bb4 15. Bd3 O-O 16. O-O Qe7 17. Rf3 Nc8 18. Nb1 Bxd2 19. Nxd2 Nd6 20. h3 Rfe8 21. Qc2 Nde4 22. Bxe4 Nxe4 23. Nxe4 Qxe4 $11 24. Qxe4 Rxe4 25. Rc3 Rae8 1/2-1/2

[Event "43rd Guernsey Festival 2017"]
[Site "Vale"]
[Date "2017.10.18"]
[Round "4"]
[White "De Kruif, Kees"]
[Black "Bowmer, Kevin"]
[Result "0-1"]
[ECO "A10"]
[WhiteElo "1993"]
[BlackElo "2041"]
[Annotator "NA RC"]
[PlyCount "80"]
[EventDate "2017.??.??"]
[EventType "swiss"]
[EventCountry "GCI"]
[SourceTitle "playchess.com"]
[Source "ChessBase"]
[SourceQuality "1"]
[TimeControl "40/6000+30:2400+30"]

1. c4 g6 2. g3 Bg7 3. Bg2 c5 4. d3 Nc6 5. e4 d6 6. Ne2 Nf6 7. O-O O-O 8. Nbc3 a6 9. f4 Rb8 10. a4 Bd7 11. h3 Ne8 12. f5 {[%emt 0:00:56] LiveBook: 3 Games A36: Symmetrical English vs ...g6: 4 Bg2 Bg7} (12. Be3 Nd4 13. Rb1 b5 14. axb5 axb5 15. cxb5 Bxb5 16. g4 Nc7 17. Ng3 e6 18. f5 Qh4 19. Bf2 Qg5 20. h4 Qd8 {1-0 (41) Kramnik,V (2791)-Radjabov,T (2744) Moscow 2010}) 12... Nc7 13. Rb1 b5 14. Bg5 h6 15. Bd2 $146 ({Predecessor:} 15. Be3 bxc4 16. dxc4 Ne5 17. b3 Kh7 18. Qd2 Qc8 19. Nf4 g5 {1-0 (33) Spencer,C (1855)-Somerfield,A (1825) Telford 2004}) 15... bxa4 16. Nxa4 Nd4 (16... e6 $11) 17. Nxd4 Bxd4+ 18. Kh2 Kh7 19. Nc3 e6 20. fxg6+ fxg6 21. Qc2 (21. Ne2 $14) 21... Qe7 22. Rf3 (22. Rxf8 $14 Qxf8 23. Ne2) 22... Rxf3 23. Bxf3 Rf8 24. Rf1 Be5 25. Ne2 Qg7 26. Bc3 ({White should play} 26. b4 $14) 26... h5 27. Kg2 Rb8 28. Rf2 a5 29. d4 $2 (29. Bxe5 $14 Qxe5 30. Qc3) 29... cxd4 30. Bxa5 {[%emt 0:00:17] [#]} Na6 $1 31. Qd2 {[%emt 0:04:14] [#]} d3 $1 32. Qxd3 (32. Nf4 $17 {was necessary.} Rxb2 33. Qxd3 $17) 32... Nc5 33. Qd1 Rxb2 34. Bc7 $2 (34. Nc1 Ba4 35. Qe1) 34... Ba4 35. Qf1 Nd3 36. Bxd6 Bxd6 37. Qa1 Nxf2 38. Qxa4 Nd3 39. Qc6 Qe5 40. Qb7+ Kh6 0-1

[Event "43rd Guernsey Festival 2017"]
[Site "Vale"]
[Date "2017.10.18"]
[Round "4"]
[White "Hoogakker, Peter"]
[Black "Finch, Russell"]
[Result "1/2-1/2"]
[ECO "B50"]
[WhiteElo "1769"]
[BlackElo "1689"]
[Annotator "NA RC"]
[PlyCount "49"]
[EventDate "2017.??.??"]
[EventType "swiss"]
[EventCountry "GCI"]
[SourceTitle "playchess.com"]
[Source "ChessBase"]
[SourceQuality "1"]
[TimeControl "40/6000+30:2400+30"]

1. e4 c5 2. Nf3 d6 3. c3 Nf6 4. Be2 Nc6 5. d4 g6 6. Nbd2 Bg7 7. O-O O-O 8. Re1 Qc7 9. a3 b6 10. Bc4 Bb7 11. d5 Nb8 12. Nf1 Nbd7 13. Ng3 Ne5 14. Nxe5 dxe5 15. Be3 Rfd8 16. Qc1 Ne8 17. f4 exf4 18. Bxf4 Be5 19. Bxe5 Qxe5 20. Bd3 Nf6 21. c4 Ng4 22. Qc3 Qxc3 23. bxc3 Ne5 24. Rad1 Ba6 25. Nf1 1/2-1/2

[Event "43rd Guernsey Festival 2017"]
[Site "Vale"]
[Date "2017.10.18"]
[Round "4"]
[White "Glover, John"]
[Black "Colsen, Manuel"]
[Result "1/2-1/2"]
[ECO "A38"]
[WhiteElo "1765"]
[BlackElo "1665"]
[Annotator "NA RC"]
[PlyCount "102"]
[EventDate "2017.??.??"]
[EventType "swiss"]
[EventCountry "GCI"]
[SourceTitle "playchess.com"]
[Source "ChessBase"]
[SourceQuality "1"]
[TimeControl "40/6000+30:2400+30"]

1. Nf3 Nf6 2. c4 c5 3. g3 g6 4. Bg2 Bg7 5. Nc3 Nc6 6. d4 cxd4 7. Nxd4 Nxd4 8. Qxd4 O-O 9. O-O Nh5 10. Qd3 d6 11. Be3 Bf5 12. Qd2 Qd7 13. Rfd1 Nf6 14. Bh6 Bh3 15. Bxg7 Kxg7 16. Bh1 h5 17. Rac1 h4 18. Qd4 hxg3 19. fxg3 Qg4 20. Bf3 Qg5 21. Ne4 Qe5 22. Nxf6 Qxf6 23. b3 Qxd4+ 24. Rxd4 Rab8 25. e4 f5 26. exf5 Rxf5 27. Bg2 Bxg2 28. Kxg2 Rbf8 29. Rc2 R8f6 30. Re2 Kf7 31. Red2 b6 32. b4 Rf1 33. Rc2 Rb1 34. c5 bxc5 35. bxc5 dxc5 36. Rd7 a5 37. Ra7 Rfb6 38. Rxa5 R1b2 39. Raxc5 R2b4 40. R5c3 Ra4 41. a3 Rb1 42. Rf2+ Kg7 43. Re3 e5 44. h4 e4 45. Kh3 Ra1 46. Rfe2 R1xa3 47. Rxa3 Rxa3 48. Rxe4 Rf3 49. Kg4 Rd3 50. Kf4 Kh6 51. g4 Rh3 1/2-1/2

[Event "43rd Guernsey Festival 2017"]
[Site "Vale"]
[Date "2017.10.18"]
[Round "4"]
[White "Kirk, Matthew"]
[Black "O`connell, Denis"]
[Result "1/2-1/2"]
[ECO "D08"]
[WhiteElo "1721"]
[BlackElo "1722"]
[Annotator "NA RC"]
[PlyCount "122"]
[EventDate "2017.??.??"]
[EventType "swiss"]
[EventCountry "GCI"]
[SourceTitle "playchess.com"]
[Source "ChessBase"]
[SourceQuality "1"]
[TimeControl "40/6000+30:2400+30"]

1. d4 d5 2. c4 e5 3. dxe5 d4 4. Nf3 Nc6 5. a3 Nge7 6. e3 Bg4 7. Be2 dxe3 8. Bxe3 Qxd1+ 9. Bxd1 Bxf3 10. Bxf3 Nxe5 11. Be2 Nf5 12. Bf4 f6 13. Bxe5 fxe5 14. Nc3 Nd4 15. Bd1 O-O-O 16. O-O Kb8 17. Re1 Bd6 18. b4 c6 19. c5 Bc7 20. Ne4 h6 21. a4 Rhf8 22. Re3 Rf4 23. Rb1 Nf5 24. Re1 Nd4 25. b5 Ba5 26. g3 Bxe1 27. gxf4 exf4 28. bxc6 Nxc6 29. Nd6 b6 30. Bf3 Nd4 31. Be4 Ba5 32. Nc4 Kc7 33. Nxa5 bxa5 34. Rb7+ Kc8 35. Rxa7 Ne2+ 36. Kg2 Nc3 37. Bf5+ Kb8 38. Rxa5 Rd5 39. Bg4 g5 40. Bf3 Re5 41. Ra8+ Kc7 42. c6 Ne4 43. a5 Kxc6 44. a6 Kb6 45. Be2 Ra5 46. Re8 Nc5 47. Rh8 Nxa6 48. Bxa6 Kxa6 49. Rxh6+ Kb7 50. Rg6 Kc7 51. Kf3 Kd7 52. Kg4 Ra2 53. Rxg5 Rxf2 54. h4 Ke7 55. h5 Rg2+ 56. Kxf4 Rxg5 57. Kxg5 Kf7 58. Kh6 Kg8 59. Kg6 Kh8 60. h6 Kg8 61. h7+ Kh8 1/2-1/2

[Event "43rd Guernsey Festival 2017"]
[Site "Vale"]
[Date "2017.10.19"]
[Round "5"]
[White "Enkhtuul, Altan-Ulzii"]
[Black "Timmermans, Ivo"]
[Result "1-0"]
[ECO "A46"]
[WhiteElo "2327"]
[BlackElo "2126"]
[Annotator "ChessBase"]
[PlyCount "75"]
[EventDate "2017.??.??"]
[EventType "swiss"]
[EventCountry "GCI"]
[SourceTitle "playchess.com"]
[Source "ChessBase"]
[SourceQuality "1"]
[TimeControl "40/6000+30:2400+30"]

1. d4 Nf6 2. Nf3 d5 3. g3 e6 4. Bg2 Be7 5. O-O O-O 6. Nbd2 c5 7. c4 cxd4 8. Nxd4 e5 9. N4f3 Nc6 10. cxd5 Nxd5 11. Nc4 f6 12. Nfxe5 Be6 13. Nxc6 bxc6 14. Qa4 Qc7 15. Na5 Rac8 16. Bd2 Rfd8 17. Rac1 c5 18. Qc2 Qe5 19. Nc4 Qh5 20. Ba5 Re8 21. a3 Nc7 22. Bc6 Bf5 23. Qb3 Ne6 24. Bxe8 Rxe8 25. Ne3 Bh3 26. Rfe1 Kh8 27. Qd5 Ng5 28. f4 Be6 29. Qc6 Nh3+ 30. Kg2 Bf8 31. Qf3 Qh6 32. b4 Bd6 33. bxc5 Bxf4 34. gxf4 Nxf4+ 35. Kh1 g5 36. c6 g4 37. Nxg4 Qg5 38. Nxf6 1-0

[Event "43rd Guernsey Festival 2017"]
[Site "Vale"]
[Date "2017.10.19"]
[Round "5"]
[White "Mack, Wolfgang"]
[Black "Whatley, Stephen A J"]
[Result "1/2-1/2"]
[ECO "A10"]
[WhiteElo "2149"]
[BlackElo "2159"]
[Annotator "ChessBase"]
[PlyCount "166"]
[EventDate "2017.??.??"]
[EventType "swiss"]
[EventCountry "GCI"]
[SourceTitle "playchess.com"]
[Source "ChessBase"]
[SourceQuality "1"]
[TimeControl "40/6000+30:2400+30"]

1. c4 f5 2. Nc3 Nf6 3. g3 d6 4. Bg2 g6 5. e4 c6 6. h4 Bg7 7. d3 O-O 8. Nh3 e5 9. Bg5 Na6 10. Qd2 Nc5 11. O-O-O fxe4 12. dxe4 Be6 13. Qxd6 Qxd6 14. Rxd6 Bxc4 15. Rhd1 Be6 16. Ng1 Bc8 17. Be3 Ncd7 18. Bh3 Nb6 19. b3 Bxh3 20. Nxh3 Ng4 21. Bc5 Bh6+ 22. Kb2 Rf7 23. R6d3 Bf8 24. Bxb6 axb6 25. f3 Ba3+ 26. Kb1 Nf6 27. Ng5 Re7 28. Na4 Ra6 29. Rd8+ Kg7 30. R1d3 b5 31. Nc3 Bb4 32. Ne2 b6 33. Rc8 h6 34. Nh3 Rea7 35. Nc1 Ba3 36. Ne2 Bb4 37. Nc1 c5 38. Ng1 Ba3 39. Nce2 Bb4 40. Nc1 Ba3 41. Nge2 Nd7 42. Rd5 Ra5 43. Nd3 c4 44. bxc4 Bc5 45. cxb5 Rxb5+ 46. Nb2 Rba5 47. Nc1 Ra3 48. Rd3 Nf8 49. Nc4 R3a4 50. Nxe5 Bf2 51. f4 Rxe4 52. Rc2 Bc5 53. Re2 Rea4 54. Nb3 Ba3 55. Rd4 b5 56. Rd5 Rb7 57. Nc6 Ra8 58. Ncd4 b4 59. Kc2 Rc8+ 60. Rc5 Rxc5+ 61. Nxc5 Rc7 62. Ndb3 Kf7 63. Kd3 Nd7 64. Kd4 Nf6 65. Kc4 Nd7 66. Kb5 Nf6 67. Kc4 Nd7 68. Kd4 Nf6 69. Ke3 Nd5+ 70. Kf3 Nc3 71. Rd2 Ra7 72. Rc2 Re7 73. Nd3 Nd1 74. Ne5+ Kg7 75. Rd2 Nc3 76. Nd4 Rb7 77. g4 Bc1 78. Rc2 Nxa2 79. g5 b3 80. Ne6+ Kh7 81. Nf8+ Kg7 82. Ne6+ Kh7 83. Nf8+ Kg8 1/2-1/2

[Event "43rd Guernsey Festival 2017"]
[Site "Vale"]
[Date "2017.10.19"]
[Round "5"]
[White "Hoogland, Dirk"]
[Black "Heppell, Ian N"]
[Result "1-0"]
[ECO "A20"]
[WhiteElo "2098"]
[BlackElo "2034"]
[Annotator "NA RC"]
[PlyCount "77"]
[EventDate "2017.??.??"]
[EventType "swiss"]
[EventCountry "GCI"]
[SourceTitle "playchess.com"]
[Source "ChessBase"]
[SourceQuality "1"]
[TimeControl "40/6000+30:2400+30"]

1. c4 e5 2. g3 Nc6 3. Nc3 f5 4. Nf3 Nf6 5. d4 d6 6. Bg5 {[%emt 0:07:07] A27: English Opening: Three Knights Variation} (6. dxe5 Nxe5 7. Bg2 c6 8. b3 g6 9. O-O Bg7 10. Ba3 Nf7 11. Qc2 O-O 12. Rad1 Qe7 13. Rfe1 Ne4 {1-0 (67) Gdanski,J (2542)-Kolosowski,M (2342) Katowice 2010}) 6... e4 7. Nh4 Be7 8. Ng2 O-O 9. e3 Qe8 $146 ({Predecessor:} 9... Ng4 10. Bxe7 Nxe7 11. Be2 Nf6 12. h4 {0-1 (40) Bus,T (2107)-Nabuurs,J (2206) Maastricht 2013}) 10. Nf4 Bd7 11. Be2 Nd8 12. Qb3 c6 13. h4 Rb8 14. a4 Ne6 15. Qd1 ({White should try} 15. c5 $11 Qf7 16. cxd6 Bxd6 17. Bc4) 15... Nxf4 (15... Nxg5 $15 16. hxg5 Ng4) 16. Bxf4 Rd8 17. d5 c5 18. Kf1 Bc8 19. Kg2 Qf7 20. Rb1 Ne8 21. Bh5 g6 22. Be2 Qg7 23. g4 fxg4 $1 24. Bg3 {[%emt 0:03:04] [#]} (24. Nxe4 $11 Bf5 25. Bd3) 24... Nf6 $1 25. Qc2 Nh5 26. Nxe4 Bf5 27. Bd3 Nxg3 28. Nxg3 Bxd3 29. Qxd3 Qf7 30. Qe2 h5 31. b4 cxb4 32. Rxb4 b6 33. a5 bxa5 34. Rb7 Rb8 35. Rxa7 (35. Rhb1 $1 $11 {was the only way to keep the balance.} Rxb7 36. Rxb7) 35... Qf3+ $2 (35... Ra8 $17 {keeps the pressure on.} 36. Rb7 a4) 36. Qxf3 gxf3+ 37. Kh3 Bd8 $2 (37... Rfe8 $16) 38. Ne4 Rb2 $2 (38... Rf7 39. Ra6 Be7) 39. Rg1 $18 1-0

[Event "43rd Guernsey Festival 2017"]
[Site "Vale"]
[Date "2017.10.19"]
[Round "5"]
[White "Curtis, John E"]
[Black "Van Dijk, Bram"]
[Result "1-0"]
[ECO "D02"]
[WhiteElo "2093"]
[BlackElo "1999"]
[Annotator "NA RC"]
[PlyCount "64"]
[EventDate "2017.??.??"]
[EventType "swiss"]
[EventCountry "GCI"]
[SourceTitle "playchess.com"]
[Source "ChessBase"]
[SourceQuality "1"]
[TimeControl "40/6000+30:2400+30"]

1. d4 d5 2. Nf3 c6 3. c4 dxc4 4. a4 Nf6 {[%emt 0:03:23] D11: Slav Defence: 3 Nf3 sidelines and 3...Nf6 4 e3 Bg4} (4... e6 5. e3 b5 6. b3 Bb4+ 7. Bd2 Bxd2+ 8. Qxd2 a5 9. bxc4 b4 10. c5 Nf6 11. Qb2 O-O 12. Nbd2 Nbd7 13. Be2 Nd5 14. O-O Nc3 15. Bc4 e5 16. Nb1 exd4 17. exd4 Nxb1 18. Raxb1 {½-½ (61) Fedoseev,V (2677)-Najer,E (2646) Moscow 2014}) 5. e3 Bg4 6. Bxc4 e6 7. O-O Nbd7 8. Nc3 Nb6 9. Be2 Nbd5 10. Ne5 Bxe2 $146 ({Predecessor:} 10... Bf5 11. f3 Bg6 12. e4 Nb6 13. Be3 Nfd7 14. Qb3 Qc7 15. Nd3 {½-½ (43) Hajek,J (2200)-Sabol,M (2230) Czechia 1997}) 11. Qxe2 Nd7 12. Nxd7 Qxd7 13. e4 Nxc3 14. bxc3 Be7 15. Qg4 g6 16. Bh6 Rg8 17. Be3 f5 18. exf5 exf5 19. Qe2 Kf7 20. a5 Rge8 21. Rfb1 Bd6 22. Qb2 Rab8 23. d5 c5 24. Qb5 Qc7 25. Ra4 f4 (25... Bxh2+ $15 26. Kf1 Bd6) 26. Bd2 Kg8 27. Qd3 Qd7 28. Re4 Rxe4 29. Qxe4 Re8 30. Qd3 ({Much weaker is} 30. Rxb7 $6 Qc8 $11) 30... Re7 31. c4 Be5 32. Bc3 Qd6 $16 1-0

[Event "43rd Guernsey Festival 2017"]
[Site "Vale"]
[Date "2017.10.19"]
[Round "5"]
[White "Dilleigh, Stephen P"]
[Black "Thurlow, Kevin J"]
[Result "1-0"]
[ECO "A35"]
[WhiteElo "2063"]
[BlackElo "2009"]
[Annotator "NA RC"]
[PlyCount "41"]
[EventDate "2017.??.??"]
[EventType "swiss"]
[EventCountry "GCI"]
[SourceTitle "playchess.com"]
[Source "ChessBase"]
[SourceQuality "1"]
[TimeControl "40/6000+30:2400+30"]

1. Nf3 c5 2. c4 Nf6 3. Nc3 Nc6 4. g3 g6 5. d4 cxd4 6. Nxd4 Bg7 7. Bg2 O-O 8. O-O a6 9. c5 Qa5 10. Nb3 Qc7 11. Bf4 {[%emt 0:06:31] A39: Symmetrical English vs ...g6: 4 Bg2 Bg7 5 Nf3 Nf6 6 0-0 0-0 7 d4} e5 12. Bg5 Re8 13. e4 $146 ({Predecessor:} 13. Qd2 Nd4 14. Nxd4 exd4 15. Bxf6 dxc3 16. Bxc3 Qxc5 17. Bxg7 Kxg7 18. Rac1 Qe5 {1-0 (60) Nagle,S (2423)-Rosenthal,N (2156) chess.com INT 2017}) 13... Nd4 $2 {[%emt 0:07:38] [#]} (13... h6 $16) 14. Bxf6 $1 ({Not} 14. Nxd4 exd4 15. Bxf6 (15. Qxd4 Nxe4 16. Qe3 Bxc3 $16) 15... dxc3 $16) 14... Bxf6 15. Nd5 Qd8 16. Nxd4 exd4 {[%emt 0:00:10] [#]} 17. f4 $1 d6 18. cxd6 Qxd6 19. e5 Bxe5 20. fxe5 Rxe5 21. Qxd4 $18 1-0